 Dungeon Crawl Stone Soup version 0.29.1-15-g9cfb28693d (webtiles) character file.

Game seed: 12739427841516964140

1713 KittyFluff the Cudgeller (level 9, -6/55 HPs)
             Began as a Gargoyle Berserker on Apr 22, 2023.
             Was an Elder of Trog.
             Mangled by an orc warrior
             ... wielding a +0 flail
              (8 damage)
             ... on level 6 of the Dungeon.
             The game lasted 00:24:13 (6863 turns).

KittyFluff the Cudgeller (Gargoyle Berserker)       Turns: 6863, Time: 00:24:14

Health: -6/55      AC: 10    Str: 21    XL:     9   Next: 4%
Magic:  9/9        EV: 13    Int:  8    God:    Trog [****..]
Gold:   557        SH:  0    Dex: 13    Spells: 8/8 levels left

rFire   . . .      SeeInvis .   t - +3 flail (drain)
rCold   + . .      Faith    .   (no shield)
rNeg    + . .      Spirit   .   q - +0 leather armour
rPois   ∞          Reflect  .   (no helmet)
rElec   +          Harm     .   (no cloak)
rCorr   .          Rampage  .   (no gloves)
Will    +....                   (no boots)
Stlth   ++........              (no amulet)
HPRegen 0.18/turn               b - ring of willpower
MPRegen 0.11/turn               u - ring of protection from cold

@: no status effects
A: sickness immunity, AC +6, negative energy resistance 1, electricity
resistance, torment resistance 1, petrification resistance
a: Renounce Religion, Berserk, Trog's Hand, Brothers in Arms


You were on level 6 of the Dungeon.
You worshipped Trog.
Trog was greatly pleased with you.
You visited 1 branch of the dungeon, and saw 6 of its levels.

You collected 557 gold pieces.

Inventory:

Hand Weapons
 a - a +5 dire flail of protection
 i - a +0 sling
 t - a +3 flail of draining (weapon)
 y - a +0 flail of protection
Missiles
 c - 50 stones (quivered)
 v - 9 poisoned darts
 x - 5 boomerangs
Armour
 q - a +0 leather armour (worn)
Jewellery
 b - a ring of willpower (left hand)
 p - an amulet of faith
 u - a ring of protection from cold (right hand)
Wands
 C - a wand of polymorph (7)
Scrolls
 f - 4 scrolls of teleportation
 j - 2 scrolls of enchant armour {unknown}
 l - a scroll of silence {unknown}
 m - a scroll of butterflies {unknown}
 s - a scroll of immolation
 D - a scroll of summoning {unknown}
Potions
 d - 3 potions of curing
 e - 3 potions of degeneration {unknown}
 g - 5 potions of heal wounds
 h - a potion of magic {unknown}
 k - a potion of brilliance {unknown}
 n - 3 potions of invisibility {unknown}
 o - 2 potions of haste {unknown}
 r - 3 potions of mutation {unknown}
 w - a potion of might {unknown}
 z - a potion of cancellation {unknown}
 A - a potion of attraction {unknown}
 B - 2 potions of berserk rage {unknown}


   Skills:
 + Level 6.0 Fighting
 + Level 7.9 Maces & Flails
 * Level 5.9 Armour
 + Level 3.7 Dodging
 + Level 3.1 Stealth


You had 8 spell levels left.
You didn't know any spells.
Your spell library was empty.

Dungeon Overview and Level Annotations

Branches:
Dungeon (6/15)             Temple (0/1) D:4

Altars:
Ashenzari
Dithmenos
Makhleb
Nemelex Xobeh
Qazlal
Wu Jian
Yredelemnul
The Shining One

Shops:
D:5 ?

Annotations:
D:6 1 runed translucent door, mkat's ghost, novice DrFi


Innate Abilities, Weirdness & Mutations

You are immune to sickness and miasma.
Your stone body is resilient. (AC +6)
You are immune to poison.
You resist negative energy. (rN+)
You are resistant to electric shocks. (rElec)
You are resistant to unholy torment.
You are immune to petrification.


Message History

You sock the orc priest! You drain the orc priest.
You kill the orc priest!
Trog accepts your kill.
You have reached level 9!
Your experience leads to an increase in your attributes!
Increase (S)trength, (I)ntelligence, or (D)exterity?
You feel agile. x2
You barely miss the orc. The orc hits you but does no damage.
You closely miss the orc. The orc barely misses you.
You sock the orc!
You kill the orc!
Trog accepts your kill. The bullfrog hits you.
You barely miss the bullfrog. The orc barely misses you. The bullfrog hits you.
You closely miss the bullfrog.
The bullfrog hits you but does no damage.
The orc misses you. The bullfrog hits you!
* * * LOW HITPOINT WARNING * * *
You sock the bullfrog! You drain the bullfrog.
You kill the bullfrog!
Trog accepts your kill. The orc barely misses you.
The orc warrior shoots a bolt.
The bolt closely misses you. The orc barely misses you.
The orc warrior unwields a +0 arbalest.
The orc warrior wields a +0 flail.
The orc warrior hits you with a +0 flail.
* * * LOW HITPOINT WARNING * * *
The orc hits you with a +2 trident of venom!
* * * LOW HITPOINT WARNING * * *
Items here: ))) †††.
You hit the orc. You drain the orc.
The orc is almost dead.
The orc warrior closely misses you. The orc closely misses you.
You hit the orc.
You kill the orc!
Trog accepts your kill. The orc warrior completely misses you.
Your Fighting skill increases to level 6!
You barely miss the orc warrior.
The orc warrior hits you with a +0 flail!
You die...

#.......# #####.......#
....'.......############+
#####....................
##.#####............. ###
#.# #......$...... ..#
#.# ######........
#.####.##########).......
................@o#######
#.####.##########.# #.# #
#.# #.####.##### #..
............ ....
###.##.###.. .##+# ..#)#
# . ..#)# .. ..#.#


You could see an orc warrior.

Vanquished Creatures
  Sigmund (D:6)
  Edmund (D:6)
  3 ice beasts
  A phantom (D:6)
  2 bullfrogs
  A gnoll sergeant (D:6)
  4 scorpions
  A jelly (D:4)
  4 orc priests (D:6)
  3 hounds
  3 iguanas
  An orc wizard (D:5)
  12 gnolls
  6 adders
  A worm (D:2)
  A dart slug (D:4)
  24 orcs
  6 bats
  9 endoplasms
  3 giant cockroaches
  12 goblins
  13 hobgoblins
  8 jackals
  13 kobolds
  2 quokkas
  6 ball pythons
  2 frilled lizards
  7 rats
150 creatures vanquished.

Vanquished Creatures (others)
  2 withered plants (D:6)
2 creatures vanquished.

Grand Total: 152 creatures vanquished

Notes
Turn   | Place    | Note
-------+----------+-------------------------------------------
     0 | D:1      | KittyFluff the Gargoyle Berserker began the quest for the
                  | Orb.
     0 | D:1      | Reached XP level 1. HP: 14/14 MP: 1/1
   233 | D:1      | Reached XP level 2. HP: 18/19 MP: 2/2
   442 | D:1      | Found a faded altar of an unknown god.
   997 | D:2      | Identified the +0 dagger "Killer Bee's Doom" {drain, *Noise
                  | rC+ rN+}
  1087 | D:2      | Reached XP level 3. HP: 10/24 MP: 3/3
  1429 | D:2      | Reached XP level 4. HP: 19/29 MP: 4/4
  1755 | D:3      | Noticed a scorpion
  2102 | D:3      | Reached ** piety under Trog
  2155 | D:3      | Reached skill level 1 in Stealth
  2234 | D:3      | Reached skill level 4 in Maces & Flails
  2446 | D:3      | Reached XP level 5. HP: 33/33 MP: 5/5
  2784 | D:3      | Found a stormy altar of Qazlal.
  3019 | D:4      | Found a staircase to the Ecumenical Temple.
  3510 | D:4      | Reached *** piety under Trog
  3528 | D:4      | Reached XP level 6. HP: 28/38 MP: 6/6
  4043 | D:4      | Reached skill level 5 in Maces & Flails
  4272 | D:4      | Reached XP level 7. HP: 34/44 MP: 7/7
  4523 | D:5      | Entered Level 5 of the Dungeon
  4524 | D:5      | Found Onovy's Magic Scroll Shop.
  4978 | D:5      | Reached skill level 6 in Maces & Flails
  5113 | D:5      | Reached skill level 5 in Fighting
  5308 | D:5      | Reached **** piety under Trog
  5359 | D:5      | Found an ornate altar of the Wu Jian Council.
  5371 | D:5      | Found a basalt altar of Yredelemnul.
  5375 | D:5      | Found a sparkling altar of Nemelex Xobeh.
  5380 | D:5      | Found a glowing golden altar of the Shining One.
  5381 | D:5      | Found a shadowy altar of Dithmenos.
  5382 | D:5      | Found a burning altar of Makhleb.
  5389 | D:5      | Found a broken altar of Ashenzari.
  5666 | D:6      | Reached XP level 8. HP: 44/49 MP: 8/8
  6089 | D:6      | Found a runed translucent door.
  6090 | D:6      | Noticed mkat's ghost (novice DrFi)
  6150 | D:6      | Reached skill level 5 in Armour
  6243 | D:6      | Reached skill level 7 in Maces & Flails
  6292 | D:6      | Noticed Edmund
  6303 | D:6      | Killed Edmund
  6550 | D:6      | Noticed Sigmund
  6557 | D:6      | Killed Sigmund
  6854 | D:6      | Reached XP level 9. HP: 23/55 MP: 9/9
  6860 | D:6      | HP: 1/55 [orc/+2 trident of venom (7)]
  6863 | D:6      | Mangled by an orc warrior

Illustrated notes

Levels and vault maps discovered:
D:1:      dpeg_arrival_snail, layout_loops_ring,
          chequers_ecumenical_altar_simple_redux, minmay_pentomino_r4
D:2:      layout_loops_cross
D:3:      kb_forest_paths, layout_basic, mainiacjoe_overflow_alcove_4,
          chequers_serial_rivers_small_b, minmay_starry_boxes
D:4:      corexii_shantytown, layout_cave_pools, minmay_temple_entry_nine_rooms,
          minmay_misc_feat_five, mrwooster_statue_mirror
D:5:      layout_basic, nicolae_overflow_hallway_of_the_gods, serial_shops,
          nicolae_diamond_shop
D:6:      layout_basic, gammafunk_ghost_grave, uniq_sigmund, uniq_edmund,
          uniq_maggie

Skill      XL: |  1  2  3  4  5  6  7  8  9 |
---------------+----------------------------+-----
Armour         | 3 4 5 |  5.9
Stealth        | 1 2 3 |  3.1
Maces & Flails | 4 5 6 7 |  7.9
Dodging        | 2 3 |  3.7
Fighting       | 4 5 6 |  6.0

Action                   |  1- 3 |  4- 6 |  7- 9 || total
-------------------------+-------+-------+-------++-------
Melee: Mace              |    95 |   222 |       ||   317
       Punch             |     3 |     2 |       ||     5
       Flail             |       |    26 |   150 ||   176
Invok: Berserk           |       |       |     1 ||     1
  Use: Scroll            |       |     4 |     1 ||     5
 Stab: Sleeping          |     2 |     1 |       ||     3
Armor: Animal skin       |    38 |    22 |       ||    60
       Leather armour    |       |    84 |    57 ||   141
Dodge: Dodged            |    78 |   208 |   103 ||   389
